 Dungeon Crawl Stone Soup version 0.24.0-123-gd5b16e6ec5 (webtiles) character file.

Game seed: 5280034301905431374, levelgen mode: deterministic

64620 leeel the Fighter (level 14, -10/121 HPs)
             Began as a Demonspawn Gladiator on Jan 18, 2020.
             Was a High Priest of Ru.
             Killed from afar by a thorn hunter (16 damage)
             ... with a volley of thorns
             ... on level 4 of the Lair of Beasts on Jan 19, 2020.
             The game lasted 01:44:31 (32572 turns).

leeel the Fighter (Demonspawn Gladiator)           Turns: 32572, Time: 01:44:31

Health: -10/121    AC: 20    Str: 20    XL:     14   Next: 72%
Magic:  0/26       EV:  5    Int:  9    God:    Ru [*****.]
Gold:   1884       SH: 12    Dex: 15    Spells: 13/13 levels left

rFire    + . .     SeeInvis +     - Unarmed
rCold    . . .     Gourm    .   H - +2 shield {rPois}
rNeg     . . .     Faith    .   X - +3 plate armour
rPois    +         Spirit   +   w - +0 hat {SInv}
rElec    .         Reflect  .   B - scarf {Spirit}
rCorr    .         Harm     .   J - +0 pair of gloves
MR       .....     Clarity  +   (boots unavailable)
Stlth    ..........             l - amulet of rage
HPRegen  0.30/turn              j - ring of protection from fire
MPRegen  0.20/turn              t - ring of magical power

@: hasted, lightly drained, very quick
A: claws 2, hooves 3, horns 2, see invisible, clarity, mutation resistance 1,
powered by pain 1, no stealth, inability to train dodging, no fire magic, no
summoning magic, no transmutations magic, magic vulnerability 1, missing an eye
a: Draw Out Power, Power Leap, Apocalypse, Renounce Religion, Evoke Berserk Rage


You were on level 4 of the Lair of Beasts.
You worshipped Ru.
Ru was extremely pleased with you.
You were hungry.

You visited 5 branches of the dungeon, and saw 19 of its levels.

You collected 2064 gold pieces.
You spent 180 gold pieces at shops.

Inventory:

Hand Weapons
 b - a +2 flail of venom
Missiles
 d - 3 throwing nets
 y - 7 atropa-tipped darts
 I - 16 javelins
 K - 26 boomerangs (quivered)
 P - 5 poisoned darts
 V - 4 boomerangs of dispersal
Armour
 w - a +0 hat of see invisible (worn)
 A - a +1 buckler of fire resistance
 B - a scarf of spirit shield (worn)
 H - a +2 shield of poison resistance (worn)
 J - a +0 pair of gloves (worn)
 U - a +2 chain mail of fire resistance
 X - a +3 plate armour (worn)
Jewellery
 j - a ring of protection from fire (left hand)
 l - an amulet of rage (around neck)
 o - an uncursed amulet of the gourmand
 t - a ring of magical power (right hand)
 G - an uncursed ring of resist corrosion
Wands
 m - a wand of polymorph (11)
 q - a wand of flame (16)
 r - a wand of clouds (18)
 F - a wand of acid (4)
 O - a wand of iceblast (5)
Scrolls
 h - 6 scrolls of magic mapping
 i - a scroll of noise {unknown}
 p - 11 scrolls of remove curse
 D - 2 scrolls of enchant armour
 E - 7 scrolls of teleportation
 M - 2 scrolls of identify
 N - 5 scrolls of immolation
 Q - 2 scrolls of enchant weapon
 T - 2 scrolls of amnesia {unknown}
 W - 2 scrolls of fog
Potions
 c - 3 potions of cancellation
 e - 4 potions of flight
 g - 5 potions of agility
 k - a potion of berserk rage {unknown}
 n - 2 potions of curing
 s - 3 potions of haste
 u - 2 potions of brilliance
 v - a potion of might {unknown}
 x - a potion of ambrosia
 C - 2 potions of magic
 R - 2 potions of invisibility
Miscellaneous
 L - a phial of floods (inert)
Comestibles
 f - 25 rations


   Skills:
 - Level 14.6(14.0) Fighting
   Level 5.0(6.7) Axes
 - Level 7.9(8.1) Maces & Flails
 - Level 4.0(3.5) Throwing
 - Level 13.5(12.9) Armour
 - Level 6.2(5.8) Shields
 + Level 8.0(7.5) Unarmed Combat
 - Level 4.0(3.6) Evocations


You had 13 spell levels left.
You didn't know any spells.
Your spell library contained the following spells:

 Spells                   Type           Power        Failure   Level  Hunger
 Corona                   Hex            #......      100%        1    ##.....
 Slow                     Hex            #.......     100%        2    ###....
 Portal Projectile        Hex/Tloc       #.....       100%        3    ####...
 Cause Fear               Hex            #.........   100%        4    #####..
 Leda's Liquefaction      Hex/Erth       #.........   100%        4    #####..
 Ignite Poison            Fire/Tmut/Pois Unusable     N/A         3    N/A
 Inner Flame              Hex/Fire       Unusable     N/A         3    N/A
 Fireball                 Conj/Fire      Unusable     N/A         5    N/A
 Bolt of Fire             Conj/Fire      Unusable     N/A         6    N/A
 Ring of Flames           Chrm/Fire      Unusable     N/A         7    N/A
 Ignition                 Fire           Unusable     N/A         8    N/A

Dungeon Overview and Level Annotations

Branches:
Dungeon (9/15)             Temple (0/1) D:6            Lair (6/6) D:9
  Swamp (1/4) Lair:4       Spider (1/4) Lair:4        Slime (0/5) Lair:6
    Orc (2/2) D:9             Elf (0/3) Orc:2

Altars:
Ashenzari
Elyvilon
Gozag
Makhleb
Okawaru
Ru
Sif Muna
Trog
Vehumet
Xom
Yredelemnul
Zin
The Shining One
Beogh
Jiyva

Shops:
D:7 %*[%:   Orc:2 %:*(

Portals:
Pandemonium: Orc:2

Annotations:
D:2 exclusion: downstairs, Terence
D:3 1 runed translucent door, exclusion: downstairs
D:4 exclusion: downstairs
D:5 exclusion: downstairs
D:8 exclusion: downstairs
Lair:1 exclusion: downstairs
Lair:3 exclusion: downstairs
Lair:4 exclusion: downstairs
Lair:5 exclusion: downstairs


Innate Abilities, Weirdness & Mutations

You have very sharp fingernails.
You have hooves in place of feet.
You have a pair of horns on your head.
You sometimes gain a little power by taking damage.
You cannot be stealthy.
You cannot train Dodging skill.
You cannot study or cast Fire magic.
You cannot study or cast Summoning magic.
You cannot study or cast Transmutations magic.
You are slightly vulnerable to magic. (MR-)
You are missing an eye, making it more difficult to aim.
You have supernaturally acute eyesight. (SInv)
You possess an exceptional clarity of mind.
You are somewhat resistant to further mutation.


Message History

You closely miss the thorn hunter.
The thorn hunter is heavily damaged.
You block the thorn hunter's attack.
The thorn hunter hits you but does no damage.
Unknown command.
Okay, then.
You feel better. The thorn hunter hits you!
* * * LOW HITPOINT WARNING * * *
The thorn hunter hits you!
* * * LOW HITPOINT WARNING * * *
You climb upwards.
Welcome back to the Lair of Beasts!
Level annotation: exclusion: downstairs
There is a staircase to the Swamp, spattered with blood here.
Unknown command.
As you read the scroll of fear, it crumbles to dust.
You assume a fearsome visage.
The thorn hunter is unaffected.
The thorn hunter fires a volley of thorns at you.
The volley of thorns hits you!!
You die...

.......##P.....?...........P#
.......##.................###
....#.....................#
..............####........#
...#...PP.#...♣ ##.......#
....##..#.PP..♣♣♣♣♣.......#
.............♣♣♣≈≈♣♣......#
.............♣♣≈†f≈♣......#
.........>...♣§≈@≈♣♣......##
.............♣§§§≈♣♣.......#
.............♣♣§§♣♣♣...÷...#
≈≈≈...........♣♣.♣♣........#
≈≈.≈.......................#
≈.≈≈......................##
.≈≈≈......................#
....?.......<.............#
.≈≈≈......................##


You could see a thorn hunter.

Vanquished Creatures
  An emperor scorpion (Spider:1)
  8 hydras
  2 catoblepae
  A two-headed ogre (D:8)
  4 death yaks
  6 orc high priests (Orc:2)
  A sun demon (Orc:2)
  2 torturous demonspawn (Orc:2)
  An orb spider (Spider:1)
  5 orc knights (Orc:2)
  5 orc sorcerers (Orc:2)
  4 wolf spiders (Spider:1)
  A moth of wrath (Spider:1)
  14 elephants
  A rust devil (Orc:2)
  6 black mambas
  A torpor snail (Lair:4)
  11 spiny frogs
  Psyche (D:9)
  A smoke demon (Orc:2)
  5 komodo dragons
  2 rime drakes
  5 trolls
  3 polar bears
  5 hornets (Lair:6)
  A jumping spider (Spider:1)
  7 hippogriffs
  12 blink frogs
  2 dream sheep (Lair:6)
  2 slime creatures (Lair:6)
  3 redbacks
  A ynoxinul (Orc:2)
  3 tarantellas (Spider:1)
  14 spriggans
  34 yaks
  A fire elemental (Lair:3)
  5 basilisks
  5 vampire mosquitoes
  Edmund (D:6)
  A neqoxec (Orc:2)
  4 wargs (Orc:2)
  12 porcupines
  10 water moccasins
  31 orc warriors
  An ice beast (D:7)
  6 black bears
  A phantom (D:8)
  8 ogres
  3 sky beasts
  18 wolves
  3 boggarts (Lair:6)
  15 crocodiles
  A gnoll sergeant (D:7)
  10 bullfrogs
  A wyvern zombie (D:9)
  A scorpion (D:4)
  An electric eel (Lair:4)
  5 howler monkeys
  A crimson imp (D:5)
  A bullfrog zombie (D:7)
  A lava snake (Lair:3)
  16 orc wizards
  8 jellies
  23 orc priests
  A hound (D:8)
  4 bullfrog skeletons
  Natasha (twice) (D:3)
  6 hell rats
  An iguana (D:8)
  3 worker ants
  A killer bee zombie (D:8)
  4 gnolls (D:7)
  10 adders
  4 shadow imps
  An ooze (D:1)
  4 worms
  4 dart slugs (D:3)
  4 leopard geckos
  90 orcs
  6 bats
  7 giant cockroaches
  4 goblins
  14 hobgoblins
  9 jackals
  4 quokkas
  6 frilled lizards
  5 kobolds
  A leopard gecko skeleton (D:5)
  2 quokka skeletons (D:8)
  6 rats
572 creatures vanquished.

Vanquished Creatures (others)
  A death yak (Lair:6)
  A hornet (Lair:5)
  A blink frog (Lair:3)
  A vampire mosquito (Swamp:1)
  A water moccasin (Lair:6)
  A porcupine (D:9)
  An orc warrior (Orc:2)
  A bullfrog skeleton (D:6)
  Natasha (D:3)
  2 briar patches (Swamp:1)
  46 fungi
  19 plants
76 creatures vanquished.

Grand Total: 648 creatures vanquished

Notes
Turn   | Place    | Note
-------+----------+-------------------------------------------
     0 | D:1      | leeel the Demonspawn Gladiator began the quest for the Orb.
     0 | D:1      | Reached XP level 1. HP: 16/16 MP: 1/1
   121 | D:1      | Gained mutation: You have a pair of small horns on your
                  | head. [demonic ancestry]
   121 | D:1      | Reached XP level 2. HP: 22/22 MP: 2/2
   896 | D:1      | Reached XP level 3. HP: 13/27 MP: 3/3
  1889 | D:2      | Found a bloodstained altar of Trog.
  1985 | D:2      | Found a shattered altar of Ashenzari.
  1999 | D:2      | Found a sacrificial altar of Ru.
  2000 | D:2      | Found a white marble altar of Elyvilon.
  2007 | D:2      | Became a worshipper of Ru the Awakened
  2280 | D:2      | Reached XP level 4. HP: 29/34 MP: 4/4
  2728 | D:3      | Noticed Terence
  2823 | D:3      | Reached skill level 1 in Armour
  2849 | D:3      | Noticed a human
  2851 | D:3      | Found a runed translucent door.
  2872 | D:3      | Found a basalt altar of Yredelemnul.
  2930 | D:3      | Noticed Natasha
  2977 | D:3      | Killed Natasha
  3047 | D:3      | Noticed Natasha
  3057 | D:3      | Killed Natasha
  3057 | D:3      | Reached XP level 5. HP: 22/39 MP: 5/5
  3247 | D:3      | Reached skill level 1 in Evocations
  3301 | D:3      | Gained mutation: You cannot study or cast Fire magic. [Ru
                  | sacrifice]
  3301 | D:3      | Gained mutation: You cannot study or cast Transmutations
                  | magic. [Ru sacrifice]
  3301 | D:3      | Gained mutation: You cannot study or cast Summoning magic.
                  | [Ru sacrifice]
  3301 | D:3      | Reached * piety under Ru
  3376 | D:3      | Noticed Natasha
  3383 | D:3      | Killed Natasha
  3661 | D:3      | Found a shimmering altar of Xom.
  3661 | D:3      | Found a burning altar of Makhleb.
  4587 | D:4      | Gained mutation: You have large cloven feet. [demonic
                  | ancestry]
  4587 | D:4      | Reached XP level 6. HP: 46/46 MP: 7/7
  4663 | D:4      | Got a crude ring mail
  4674 | D:4      | Identified the +3 ring mail of the Trees {Dex+3} (You found
                  | it on level 4 of the Dungeon)
  4988 | D:4      | Reached skill level 5 in Axes
  4988 | D:4      | Reached skill level 1 in Maces & Flails
  5254 | D:4      | Reached skill level 3 in Fighting
  5254 | D:4      | Gained mutation: You have hoof-like feet. [demonic
                  | ancestry]
  5254 | D:4      | Reached XP level 7. HP: 52/52 MP: 8/8
  5255 | D:4      | Found an opulent altar of Gozag.
  5538 | D:5      | Entered Level 5 of the Dungeon
  6258 | D:5      | Found a glowing golden altar of the Shining One.
  6359 | D:5      | Gained mutation: You are resistant to hostile enchantments.
                  | (MR+) [potion of mutation]
  6359 | D:5      | Gained mutation: Your spells are a little harder to cast,
                  | but a little more powerful. [potion of mutation]
  6720 | D:6      | Noticed Edmund
  6723 | D:6      | Gained mutation: You cannot be stealthy. [Ru sacrifice]
  7183 | D:5      | Gained mutation: You have hooves in place of feet. [demonic
                  | ancestry]
  7183 | D:5      | Reached XP level 8. HP: 58/58 MP: 10/10
  7219 | D:6      | Found an iron altar of Okawaru.
  7242 | D:6      | Killed Edmund
  7343 | D:6      | Got a shimmering ring mail
  7354 | D:6      | Identified the cursed +0 ring mail of Zeshrok {rPois MR++
                  | rCorr Stlth-} (You found it on level 6 of the Dungeon)
  7637 | D:6      | Found a shimmering blue altar of Sif Muna.
  7854 | D:6      | Reached skill level 1 in Shields
  7858 | D:6      | Found a staircase to the Ecumenical Temple.
  8155 | D:7      | Found Xiocusic's Antique Armour Shoppe.
  8195 | D:7      | Found Delag's Assorted Antiques.
  8204 | D:7      | Reached skill level 4 in Fighting
  8219 | D:7      | Reached skill level 5 in Maces & Flails
  8237 | D:7      | Bought a glowing shield for 180 gold pieces
  8266 | D:7      | Found Ririk's Food Emporium.
  8623 | D:7      | Found Qixuemp's Food Emporium.
  8731 | D:7      | Reached XP level 9. HP: 64/65 MP: 12/12
  8778 | D:7      | Found Uzao's Book Shop.
  8891 | D:8      | Noticed a two-headed ogre
  8902 | D:8      | Killed a two-headed ogre
  8902 | D:8      | Reached skill level 5 in Armour
  9103 | D:8      | Lost mutation: Your spells are a little harder to cast, but
                  | a little more powerful. [potion of mutation]
  9103 | D:8      | Lost mutation: You are resistant to hostile enchantments.
                  | (MR+) [potion of mutation]
  9103 | D:8      | Gained mutation: You have supernaturally acute eyesight.
                  | (SInv) [potion of mutation]
  9103 | D:8      | Gained mutation: You possess an exceptional clarity of
                  | mind. [potion of mutation]
  9103 | D:8      | Gained mutation: You are robust. (+10% HP) [potion of
                  | mutation]
  9103 | D:8      | Gained mutation: You are somewhat resistant to further
                  | mutation. [potion of mutation]
  9348 | D:8      | Reached skill level 5 in Fighting
  9355 | D:8      | Gained mutation: You are missing an eye, making it more
                  | difficult to aim. [Ru sacrifice]
  9355 | D:8      | Reached ** piety under Ru
  9529 | D:8      | Found a glowing silver altar of Zin.
  9529 | D:8      | Found a radiant altar of Vehumet.
  9685 | D:9      | Noticed a troll
  9704 | D:9      | Killed a troll
 10004 | D:9      | Noticed Psyche
 10020 | D:9      | Killed Psyche
 10139 | D:9      | Gained mutation: You have sharp fingernails. [demonic
                  | ancestry]
 10139 | D:9      | Reached XP level 10. HP: 65/81 MP: 13/13
 10276 | D:9      | Reached skill level 1 in Unarmed Combat
 10282 | D:9      | Found a staircase to the Lair.
 10871 | D:9      | Found a viscous altar of Jiyva.
 11317 | D:9      | Reached skill level 6 in Fighting
 11391 | D:9      | Reached skill level 5 in Shields
 11944 | D:9      | Found a staircase to the Orcish Mines.
 11954 | Orc:1    | Entered Level 1 of the Orcish Mines
 12423 | Orc:2    | Entered Level 2 of the Orcish Mines
 12687 | Orc:2    | Gained mutation: You are slightly vulnerable to magic.
                  | (MR-) [Ru sacrifice]
 12687 | Orc:2    | Reached *** piety under Ru
 12837 | Orc:2    | Reached skill level 7 in Fighting
 12955 | Orc:1    | Noticed an orc knight
 13608 | Orc:2    | Killed an orc knight
 13608 | Orc:2    | Gained mutation: You have very sharp fingernails. [demonic
                  | ancestry]
 13608 | Orc:2    | Reached XP level 11. HP: 69/92 MP: 14/14
 14012 | Orc:1    | You fall into a shaft and drop 1 floor!
 14030 | Orc:2    | Found a staircase to the Elven Halls.
 14520 | Orc:2    | Noticed an orc knight
 14545 | Orc:2    | Killed an orc knight
 15168 | Orc:2    | Found a roughly hewn altar of Beogh.
 15201 | Orc:2    | Reached skill level 8 in Fighting
 16210 | Lair:1   | Entered Level 1 of the Lair of Beasts
 16814 | Lair:1   | Noticed a five-headed hydra
 16826 | Lair:1   | Killed a five-headed hydra
 16826 | Lair:1   | Reached skill level 9 in Fighting
 18060 | Lair:2   | HP: 4/97 [poisoned by a black mamba]
 18066 | Lair:2   | HP: 3/97 [poisoned by a black mamba]
 18074 | Lair:2   | HP: 2/97 [poisoned by a black mamba]
 18082 | Lair:2   | HP: 2/97 [poisoned by a black mamba]
 18466 | Lair:2   | Noticed a catoblepas
 18485 | Lair:2   | Noticed a seven-headed hydra
 18500 | Lair:2   | Killed a catoblepas
 18500 | Lair:2   | Gained mutation: You sometimes gain a little power by
                  | taking damage. [demonic ancestry]
 18500 | Lair:2   | Reached XP level 12. HP: 60/106 MP: 14/15
 18514 | Lair:2   | Killed a seven-headed hydra
 19141 | Lair:2   | Reached skill level 10 in Fighting
 19318 | Lair:2   | Noticed an eight-headed hydra
 19834 | Lair:2   | Got a coiled lead ring
 20370 | Lair:3   | Identified the ring of Joy {*Tele rF+ MR+ Str-5 Int+4} (You
                  | found it on level 2 of the Lair of Beasts)
 20570 | Lair:3   | Identified a scroll of acquirement
 20666 | Lair:3   | Reached skill level 10 in Armour
 20684 | Lair:3   | Reached skill level 5 in Unarmed Combat
 21088 | Lair:3   | Noticed a five-headed hydra
 21095 | Lair:3   | Killed a five-headed hydra
 21637 | Lair:3   | Reached skill level 11 in Fighting
 21806 | Lair:4   | Noticed an eight-headed hydra
 22132 | Lair:4   | Noticed a death yak
 22221 | Lair:4   | Killed a death yak
 22373 | Lair:4   | Found a hole to the Spider Nest.
 22664 | Lair:4   | Gained mutation: You have a pair of horns on your head.
                  | [demonic ancestry]
 22664 | Lair:4   | Reached XP level 13. HP: 55/116 MP: 15/16
 23992 | Lair:5   | Reached skill level 12 in Fighting
 24348 | Lair:5   | Found the +8 demon blade "Bloodbane" {slice, *Rage +Rage
                  | Stlth-}
 24442 | Lair:4   | Gained mutation: You cannot train Dodging skill. [Ru
                  | sacrifice]
 24442 | Lair:4   | Reached **** piety under Ru
 24442 | Lair:4   | Reached ***** piety under Ru
 25025 | Lair:6   | Entered Level 6 of the Lair of Beasts
 25379 | Lair:6   | Found a staircase to the Slime Pits.
 25814 | Lair:6   | Reached skill level 13 in Fighting
 27526 | Lair:6   | Reached XP level 14. HP: 129/129 MP: 17/17
 29096 | Orc:2    | Found Atrostrodgh's Food Shop.
 29099 | Orc:2    | Found Nisinlio's General Store.
 29311 | Orc:2    | Lost mutation: You are robust. (+10% HP) [a neqoxec]
 30248 | Orc:2    | Reached skill level 14 in Fighting
 31243 | Orc:2    | Found Faarur's Antique Weapon Emporium.
 31243 | Orc:2    | Found Tekepn's Book Shoppe.
 31243 | Orc:2    | Found a one-way gate leading to the halls of Pandemonium.
 31428 | Lair:4   | Found a staircase to the Swamp.
 31675 | Spider:1 | Entered Level 1 of the Spider Nest
 32140 | Spider:1 | Noticed an emperor scorpion
 32154 | Spider:1 | Killed an emperor scorpion
 32189 | Spider:1 | Noticed an emperor scorpion
 32364 | Swamp:1  | Entered Level 1 of the Swamp
 32377 | Swamp:1  | Noticed a thorn hunter
 32570 | Swamp:1  | HP: 6/121 [thorn hunter (7)]
 32572 | Lair:4   | Killed from afar by a thorn hunter

Levels and vault maps discovered:
D:1:      minmay_arrival_three_doors, layout_basic
D:2:      layout_basic, lemuel_crystal_altar,
          chequers_temple_overflow_statue_of_worship
D:3:      layout_basic, grunt_temple_overflow_champion_of_chaos, serial_forest,
          infiniplex_forest_corner_1, infiniplex_forest_straight_3,
          infiniplex_forest_clump_medium, infiniplex_forest_clump_curved,
          infiniplex_forest_zigzag_1, infiniplex_forest_corner_1,
          infiniplex_forest_clump_long, infiniplex_forest_clump_double,
          grunt_ministairs_3, grunt_decor_one_mirror, dk_yredelemnul_ordeal,
          uniq_natasha, uniq_terence
D:4:      layout_rooms, grunt_gozag_breadcrumbs
D:5:      minmay_evil_eye, layout_basic, tso_oasis_becter, first_ration
D:6:      kennysheep_orc_sif_temple, layout_loops_cross,
          minmay_temple_entry_purple_smoke, okawaru_gym_becter, uniq_edmund
D:7:      layout_basic, serial_shops, kennysheep_mini, shop, shop,
          nicolae_shop_statue_plus, nicolae_shop_window_shopping
D:8:      layout_loops_ring, gammafunk_temple_overflow_wave
D:9:      layout_basic, due_lair_maze_entry_diamond, david_orc_4, jiyva_altar_1,
          uniq_psyche
Lair:1:   layout_loops_ring
Lair:2:   layout_big_grid
Lair:3:   layout_gridlike
Lair:4:   layout_gridlike, minmay_swamp_entry_worms, spider_nest_entry_a,
          nicolae_lair_yak_garden
Lair:5:   layout_layer_cave, grunt_megastairs_4
Lair:6:   minmay_lair_end_enchanted_forest, layout_regular_city,
          minmay_slime_entry_pillars
Swamp:1:  layout_falls_marsh, nicolae_swamp_rocky_clearing, swamp_pool1
Spider:1: layout_spider_delve
Orc:1:    layout_caves
Orc:2:    pf_orc_diabolical, layout_caves, mines2_david

Skill      XL: |  1  2  3  4  5  6  7  8  9 10 11 12 13 14 |
---------------+-------------------------------------------+-----
Axes           | 3 4 5 |  5.0
Throwing       | 2 3 4 |  4.0
Armour         | 1 2 3 4 5 7 9 10 12 13 | 13.5
Evocations     | 1 2 3 4 |  4.0
Maces & Flails | 1 3 5 7 |  7.9
Fighting       | 3 4 5 7 9 11 13 14 | 14.6
Shields        | 1 3 6 |  6.2
Unarmed Combat | 1 4 5 7 8 |  8.0
Dodging        | 0 |  0.0

Action                   |  1- 3 |  4- 6 |  7- 9 | 10-12 | 13-15 || total
-------------------------+-------+-------+-------+-------+-------++-------
Melee: War axe           |   145 |    76 |       |       |       ||   221
       Headbutt          |    25 |    17 |    56 |   255 |   216 ||   569
       Unarmed           |       |    12 |       |       |    43 ||    55
       Flail             |       |    36 |   318 |  1109 |   907 ||  2370
       Kick              |       |     7 |    99 |   347 |   352 ||   805
Throw: Dart              |     9 |    26 |    30 |   106 |    27 ||   198
       Throwing net      |       |       |       |     1 |       ||     1
       Boomerang         |       |       |       |       |    74 ||    74
       Javelin           |       |       |       |       |     3 ||     3
Invok: Sacrifice Arcana  |       |     1 |       |       |       ||     1
       Sacrifice Stealth |       |       |     1 |       |       ||     1
       Sacrifice an Eye  |       |       |     1 |       |       ||     1
       Sacrifice Essence |       |       |       |     1 |       ||     1
       Reject Sacrifices |       |       |       |     1 |     1 ||     2
       Apocalypse        |       |       |       |       |     2 ||     2
       Sacrifice Nimblen |       |       |       |       |     1 ||     1
 Abil: Evoke Berserk Rag |     1 |     3 |     4 |       |     1 ||     9
Evoke: Wand              |       |       |       |    13 |     7 ||    20
       Phial of floods   |       |       |       |       |     1 ||     1
  Use: Scroll            |     4 |     3 |     7 |    11 |     7 ||    32
       Potion            |       |       |     3 |       |     5 ||     8
 Stab: Invisible         |       |       |       |    10 |    10 ||    20
       Distracted        |       |       |       |     3 |     5 ||     8
       Petrified         |       |       |       |     3 |     2 ||     5
       Paralysed         |       |       |       |       |     5 ||     5
  Eat: Chunk             |    19 |     8 |    15 |    32 |    26 ||   100
       Ration            |       |       |     1 |     3 |     2 ||     6
Armor: Leather armour    |    29 |       |       |       |       ||    29
       Chain mail        |    40 |    58 |    94 |       |       ||   192
       Ring mail         |     1 |       |       |       |       ||     1
       Plate armour      |       |       |    64 |   421 |   526 ||  1011
Dodge: Dodged            |    94 |    54 |    71 |   171 |   161 ||   551
Block: Buckler           |       |       |    28 |       |       ||    28
       Shield            |       |       |   110 |   645 |   604 ||  1359
